 Dungeon Crawl Stone Soup version 0.31-a0-1002-g8e65716e6e (webtiles) character file.

Game seed: 9469183583240418152

1012 BinkBink the Ruffian (level 8, -8/80 HPs)
             Began as a Troll Berserker on Nov 9, 2023.
             Was a Priest of Trog.
             Mangled by a hornet (10 damage)
             ... on level 4 of the Dungeon.
             The game lasted 00:03:35 (2822 turns).

BinkBink the Ruffian (Troll Berserker)              Turns: 2822, Time: 00:03:35

Health: -8/80      AC:  4    Str: 28    XL:     8   Next: 1%
Magic:  7/7        EV: 10    Int:  9    God:    Trog [***...]
Gold:   15         SH:  0    Dex:  9    Spells: 7/7 levels left

rFire   . .          .
                       - Unarmed
rCold   + . .        (no shield)
rNeg    . . .        a - +0 animal skin
rPois   .            (helmet restricted)
rElec   .            (no cloak)
rCorr   .            (gloves unavailable)
SInv    .            (boots unavailable)
Will    .....        (no amulet)
Stlth   +            s - +6 ring of intelligence
HPRegen 1.13/turn    p - ring of protection from cold
MPRegen 0.10/turn

%: no passive effects
@: lethally poisoned (-8 -> -9), slowed, very slow
A: large, unfitting armour, claws 3, regeneration 1, shaggy fur 1, tough skin 1
a: Renounce Religion, Berserk, Trog's Hand


You were on level 4 of the Dungeon.
You worshipped Trog.
Trog was most pleased with you.
You visited 1 branch of the dungeon, and saw 4 of its levels.

You collected 114 gold pieces.
You spent 99 gold pieces at shops.

Inventory:

Armour
 a - a +0 animal skin (worn)
Jewellery
 p - a ring of protection from cold (right claw)
 s - a +6 ring of intelligence (left claw)
Scrolls
 b - 5 scrolls of identify {unknown}
 f - a scroll of enchant weapon {unknown}
 g - 2 scrolls of blinking {unknown}
 h - a scroll of teleportation {unknown}
 k - 2 scrolls of fear {unknown}
 q - a scroll of revelation {unknown}
 r - a scroll of enchant armour {unknown}
Potions
 c - a potion of mutation {unknown}
 d - a potion of attraction {unknown}
 e - a potion of brilliance {unknown}
 i - 3 potions of might
 j - 2 potions of heal wounds
 l - a potion of degeneration {unknown}
 m - a potion of lignification {unknown}
 n - 3 potions of haste {unknown}
 o - 2 potions of curing {unknown}


   Skills:
 + Level 5.1 Fighting
 + Level 5.0 Dodging
 + Level 6.0 Unarmed Combat


You had 7 spell levels left.
You didn't know any spells.
Your spell library was empty.

Dungeon Overview and Level Annotations

Branches:
Dungeon (4/15)
 Temple: D:4-7

Altars:
Dithmenos

Shops:
D:3 !


Innate Abilities, Weirdness & Mutations

You are too large for most types of armour.
You have claws for hands.
Your natural rate of healing is unusually fast.
You are covered in fur. (AC +1)
You have tough skin. (AC +1)


Message History

The hornet closely misses you.
You closely miss the hornet.
The hornet is severely wounded.
The hornet stings you!
You feel yourself slow down.
You scratch the hornet but do no damage.
The hornet is severely wounded.
You feel yourself speed up. The hornet stings you.
You are poisoned.
You feel yourself slow down. The hornet stings you!
You suddenly lose the ability to move!
You feel yourself speed up.
You feel very sick. The hornet stings you.
You feel yourself slow down. The hornet stings you!
You are more poisoned.
You shrug off the repeated paralysis!
You can move again.
You closely miss the hornet.
The hornet is severely wounded.
You feel very sick.
The hornet stings you but does no damage.
The hornet stings you!
* * * LOW HITPOINT WARNING * * *
You shrug off the repeated paralysis!
You barely miss the hornet.
The hornet is severely wounded.
You feel very sick. The hornet stings you.
* * * LOW HITPOINT WARNING * * *
You feel as though you will be slow longer.
The hornet barely misses you.
You scratch the hornet. Your claw misses the hornet.
The hornet is almost dead.
* * * LOW HITPOINT WARNING * * *
You feel very sick. The hornet barely misses you. x2
You scratch the hornet but do no damage.
The hornet is almost dead.
You feel sick. The hornet barely misses you. The hornet stings you!
You die...

....######## ###
##.......... ..#
##.######### #.# #.#
#.# ##.#############.#
.................####.#
#..####...............#
...# ##########.######
##.# #@# #.# #y# ##.#
#....†.# ...# #...).#.#
#### ........# .....
..# ........# .... ...#
.......##


You could see a hornet.

Vanquished Creatures
  Pikel (D:4)
  Duvessa (D:4)
  Dowan (D:4)
  A hound (D:4)
  3 orc priests
  A gnoll bouda (D:4)
  A sleepcap (D:4)
  An iguana (D:4)
  An orc wizard (D:4)
  8 gnolls
  4 adders
  A dart slug (D:1)
  15 orcs
  9 endoplasms
  7 giant cockroaches
  5 hobgoblins
  9 jackals
  6 kobolds
  2 quokkas
  6 ball pythons
  5 bats
  3 frilled lizards
  4 goblins
  3 rats
98 creatures vanquished.

Notes
Turn   | Place    | Note
-------+----------+-------------------------------------------
     0 | D:1      | BinkBink the Troll Berserker began the quest for the Orb.
     0 | D:1      | Reached XP level 1. HP: 22/22 MP: 0/0
   119 | D:1      | Reached XP level 2. HP: 24/29 MP: 1/1
   453 | D:1      | Reached ** piety under Trog
   465 | D:1      | Reached XP level 3. HP: 36/36 MP: 2/2
   710 | D:2      | Found a shadowy altar of Dithmenos.
  1028 | D:2      | Reached XP level 4. HP: 45/45 MP: 3/3
  1192 | D:2      | Found a faded altar of an unknown god.
  1426 | D:3      | Found Faefyon's Distillery.
  1435 | D:3      | Bought a potion of heal wounds for 55 gold pieces
  1435 | D:3      | Bought a potion of might for 44 gold pieces
  1659 | D:3      | Reached skill level 4 in Unarmed Combat
  1659 | D:3      | Reached XP level 5. HP: 38/53 MP: 4/4
  1661 | D:3      | Reached *** piety under Trog
  2238 | D:4      | Noticed Pikel
  2238 | D:4      | Noticed a lemure
  2239 | D:4      | Noticed a lemure
  2255 | D:4      | Noticed a lemure
  2257 | D:4      | Noticed a lemure
  2260 | D:4      | Killed Pikel
  2261 | D:4      | Reached skill level 5 in Unarmed Combat
  2261 | D:4      | Reached XP level 6. HP: 30/63 MP: 5/5
  2261 | D:4      | Reached XP level 7. HP: 34/71 MP: 6/6
  2463 | D:4      | Noticed Duvessa
  2463 | D:4      | Noticed Dowan
  2490 | D:4      | Killed Duvessa
  2500 | D:4      | Killed Dowan
  2509 | D:4      | Reached skill level 5 in Fighting
  2606 | D:4      | Reached skill level 5 in Dodging
  2606 | D:4      | Reached skill level 6 in Unarmed Combat
  2672 | D:4      | Reached XP level 8. HP: 66/80 MP: 7/7
  2803 | D:4      | Noticed a hornet
  2817 | D:4      | Paralysed by a hornet for 2 turns
  2820 | D:4      | HP: 4/80 [hornet (6)]
  2822 | D:4      | Mangled by a hornet

Illustrated notes

Levels and vault maps discovered:
D:1:      eino_arrival_tree_alley, layout_basic, minmay_tetromino_l4
D:2:      wad_lake_hut, layout_basic, shapermc_ecumenical_altar_flowoftime,
          basic_altar
D:3:      layout_loops_ring, serial_shops, shop, grunt_decor_mini_mirrors
D:4:      layout_loops_ring, uniq_pikel, uniq_duvessa

Skill      XL: |  1  2  3  4  5  6  7 |
---------------+----------------------+-----
Fighting       | 3 4 5 |  5.1
Dodging        | 3 4 5 |  5.0
Unarmed Combat | 4 5 6 |  6.0

Action                     |  1- 3 |  4- 6 |  7- 9 || total
---------------------------+-------+-------+-------++-------
  Melee: Unarmed           |    84 |    99 |    77 ||   260
         Punch             |     3 |     2 |     4 ||     9
 Armour: Animal skin       |    69 |    76 |    56 ||   201
  Dodge: Dodged            |    43 |    51 |    39 ||   133

Table legend: (Time is in decaauts)
 A = Elapsed time spent in this place.
 B = Non-inter-level travel time spent in this place.
 C = Inter-level travel time spent in this place.
 D = Time resting spent in this place.
 E = Time spent auto-exploring this place.
 F = Levels seen in this place.
 G = Mean time per level.
                   A        B        C        D        E       F      G
               +--------+--------+--------+--------+--------+-----+--------+
         Total |   2803 |   2682 |    121 |    113 |   2039 |   4 |  700.8 |
       Dungeon |   2803 |   2682 |    121 |    113 |   2039 |   4 |  700.8 |
               +--------+--------+--------+--------+--------+-----+--------+

Top non-repeatable levels by time:
     D:3: 855 daAuts
     D:2: 692 daAuts
     D:1: 649 daAuts
     D:4: 606 daAuts
